AoeStats
← taileibuxiang3

Enclosed

504066805Analyzed
1v1 RM · 27d ago on Sep 3, 2026· 43m 25s· 2 players
Game mode
Random Map
Map size
Tiny (2 player)
Population
200
Speed
Normal
Resources
Standard
Victory
Conquest
Starting age
Dark Age
Ending age
Imperial Age
RankedLock teamsTeams togetherTeam positionsShared explorationLock speedFull tech treeHidden civsTurbo modeCheats
Victory
Defeat
🇨🇳 Poles · China
1000
+45
🇨🇳 Inca · China
968
-15
MUCI
11:04 Feudal Age
12:26 Champi Runner
14:47 Wheelbarrow
14:16 Loom
15:56 Arson
18:11 Forging
18:02 Scale Mail Armor
19:21 Double-Bit Axe
19:54 Horse Collar
20:08 Gold Mining
23:42 Fletching
23:53 Padded Archer Armor
26:03 Castle Age
26:16 Champi Warrior
26:57 Squires
29:20 Thumb Ring
29:55 Iron Casting
37:04 Pikeman
taileibuxiang3
7:27 Loom
9:34 Feudal Age
10:15 Double-Bit Axe
10:10 Horse Collar
18:22 Gold Mining
20:53 Scale Barding Armor
21:56 Fletching
26:05 Castle Age
24:28 Padded Archer Armor
24:46 Stone Mining
26:47 Forging
27:04 Bodkin Arrow
26:39 Light Cavalry
28:02 Bow Saw
27:55 Heavy Plow
29:34 Bloodlines
37:56 Crossbowman
40:39 Leather Archer Armor
40:31 Szlachta Privileges
41:05 Husbandry
41:05 Elite Skirmisher
44:24 Wheelbarrow
44:39 Stone Shaft Mining
Connection lost

Rejoining the realm…

Still unreachable

The connection could not be restored.

Session expired

The server has moved on; the page needs a fresh start.